 Dungeon Crawl Stone Soup version 0.26.1-11-gd32895ea62 (webtiles) character file.

Game seed: 4896583452149855543

89 nothank2 the Caller (level 4, 0/30 HPs)
             Began as a Merfolk Summoner on June 14, 2021.
             Hit by a boomerang thrown by an orc (3 damage)
             ... on level 3 of the Dungeon.
             The game lasted 00:12:17 (3402 turns).

nothank2 the Caller (Merfolk Summoner)              Turns: 3402, Time: 00:12:17

Health: 0/30       AC:  3    Str:  8    XL:     4   Next: 55%
Magic:  2/7        EV: 13    Int: 15    God:
Gold:   112        SH:  0    Dex: 14    Spells: 4/7 levels left

rFire    . . .     SeeInvis .   e - +0 dagger
rCold    . . .     Faith    +   (no shield)
rNeg     . . .     Spirit   .   t - +0 robe (curse)
rPois    .         Reflect  .   (no helmet)
rElec    .         Harm     .   o - +0 cloak
rCorr    .         Rampage  .   (no gloves)
Will     .....                  (no boots)
Stlth    ++........             u - amulet of faith
HPRegen  0.10/turn              (no ring)
MPRegen  0.10/turn              (no ring)

@: no status effects
A: change form in water, swift swim, stealthy swim
a: no special abilities


You were on level 3 of the Dungeon.
You visited 1 branch of the dungeon, and saw 3 of its levels.

You collected 112 gold pieces.

Inventory:

Hand Weapons
 b - a +0 whip
 d - a +0 hunting sling
 e - a +0 dagger (weapon)
Missiles
 m - 53 stones
Armour
 a - a +0 robe
 o - a +0 cloak (worn)
 t - a cursed +0 robe (worn)
Jewellery
 u - an amulet of faith (around neck)
Scrolls
 c - a scroll of magic mapping {unknown}
 f - a scroll of remove curse {unknown}
 k - 4 scrolls of identify {unknown}
 n - a scroll of noise {unknown}
 p - a scroll of amnesia {unknown}
 r - a scroll of teleportation {unknown}
 v - a scroll of immolation {unknown}
 w - a scroll of fog {unknown}
Potions
 g - 3 potions of curing {unknown}
 h - a potion of resistance {unknown}
 i - a potion of brilliance {unknown}
 j - a potion of attraction {unknown}
 l - a potion of heal wounds {unknown}
 q - a potion of might {unknown}
 s - a potion of mutation {unknown}


   Skills:
 - Level 2.8 Dodging
 - Level 2.3 Stealth
 - Level 0.2 Unarmed Combat
 - Level 2.3 Spellcasting
 + Level 5.5 Summonings


You had 4 spell levels left.
You knew the following spells:

 Your Spells              Type           Power        Failure   Level
a - Summon Small Mammal   Summ           72%          2%          1
b - Call Imp              Summ           18%          3%          2

Your spell library contained the following spells:

 Spells                   Type           Power        Failure   Level
 Call Canine Familiar     Summ           18%          7%          3
 Summon Guardian Golem    Hex/Summ       10%          21%         3
 Summon Ice Beast         Ice/Summ       10%          56%         4
 Summon Lightning Spire   Summ/Air       10%          56%         4


Dungeon Overview and Level Annotations

Branches:
Dungeon (3/15)

Altars:
Dithmenos
Fedhas
Gozag
Hepliaklqana
Okawaru
Xom


Message History

Your quokka completely misses the orc.
The orc closely misses your quokka.
Your quokka bites the orc but does no damage.
The orc closely misses your quokka.
The orc hits your quokka with a +0 war axe!
Your quokka dies!
Your quokka's corpse disappears in a puff of smoke!
The orc closely misses your quokka. The orc misses your quokka.
Your quokka barely misses the orc.
The orc hits your quokka with a +0 flail.
Your quokka disappears in a puff of smoke!
Your bat closely misses the orc.
The orc hits your bat with a +0 war axe!
Your bat dies!
Your bat's corpse disappears in a puff of smoke!
Casting: Summon Small Mammal (safe; 2% risk of failure)
Confirm with . or Enter, or press ? or * to list all spells.
You swap places.
The orc throws a boomerang.
The boomerang misses your quokka. The boomerang hits you.
You die...

#.. ###.##.. ..
......#. #. #..) #.##
###[ #.o# ## #.) #§##
###.. #.. #.o#
....#######.# ##r#
.............
#@###..######..###
#.#...# ##.....
#....#######..####
##...##.......#
#####.).....####.##
#.....#..######÷.#
#.#####.........#####.
#...............÷.....
###..##.#####.#.......


You could see 2 orcs and a friendly quokka (summoned).

Vanquished Creatures
  A leopard gecko (D:2)
  7 bats
  A giant cockroach (D:1)
  A goblin (D:1)
  5 hobgoblins
  A quokka (D:2)
  A frilled lizard (D:3)
  2 kobolds
  4 rats
23 creatures vanquished.

Vanquished Creatures (collateral kills)
  2 orc priests (D:3)
  An adder (D:2)
  A white imp (D:3)
  A leopard gecko (D:3)
  3 orcs (D:3)
  4 bats
  2 giant cockroaches (D:1)
  A goblin (D:3)
  3 hobgoblins
  A kobold (D:2)
  A quokka (D:3)
  2 ball pythons
  2 frilled lizards (D:1)
  7 rats
31 creatures vanquished.

Vanquished Creatures (others)
  4 toadstools (D:1)
4 creatures vanquished.

Grand Total: 58 creatures vanquished

Notes
Turn   | Place    | Note
-------+----------+-------------------------------------------
     0 | D:1      | nothank2 the Merfolk Summoner began the quest for the Orb.
     0 | D:1      | Reached XP level 1. HP: 13/13 MP: 3/3
   564 | D:1      | Reached XP level 2. HP: 19/19 MP: 3/5
  1160 | D:2      | Learned a level 2 spell: Call Imp
  1179 | D:2      | Found a faded altar of an unknown god.
  1445 | D:2      | Reached XP level 3. HP: 24/24 MP: 1/6
  1564 | D:2      | Found a shimmering altar of Xom.
  1597 | D:2      | Found an iron altar of Okawaru.
  1693 | D:2      | Found an opulent altar of Gozag.
  1812 | D:2      | Found a hazy altar of Hepliaklqana.
  1954 | D:2      | Found a shadowy altar of Dithmenos.
  2057 | D:2      | Found a shimmering altar of Xom.
  2059 | D:2      | Found a shimmering altar of Xom.
  2059 | D:2      | Found a shimmering altar of Xom.
  2498 | D:3      | Found a blossoming altar of Fedhas.
  2832 | D:3      | Reached skill level 5 in Summonings
  2832 | D:3      | Reached XP level 4. HP: 7/30 MP: 2/7
  3402 | D:3      | Hit by a boomerang thrown by an orc

Illustrated notes

Levels and vault maps discovered:
D:1:      ldierk_walled_garden_2, layout_loops_ring, minmay_splitting_lines
D:2:      layout_loops_ring, nicolae_gozag_cash_rules_everything_around_me,
          lemuel_coloured_pillars_altar, general_overflow_altar,
          okawaru_gym_becter, chequers_ecumenical_altar_simple_redux,
          xom_redecorated
D:3:      layout_rooms, overflow_temple_1_default, uniq_sigmund, uniq_ijyb

Skill      XL: |  1  2  3 |
---------------+----------+-----
Summonings     | 5 |  5.5
Dodging        | |  2.8
Stealth        | |  2.3
Unarmed Combat | |  0.2
Spellcasting   | |  2.3

Action                   |  1- 3 |  4- 6 || total
-------------------------+-------+-------++-------
Melee: Whip              |    12 |       ||    12
       Unarmed           |     3 |       ||     3
       Dagger            |   118 |    25 ||   143
 Cast: Summon Small Mamm |    34 |    11 ||    45
       Call Imp          |    23 |     2 ||    25
 Stab: Distracted        |     3 |     1 ||     4
       Sleeping          |     1 |       ||     1
Armor: Robe              |    31 |    11 ||    42
Dodge: Dodged            |   117 |    44 ||   161
